 Dungeon Crawl Stone Soup version 0.16-a0-3029-g57b17b4 (webtiles) character file.

2 Pikaro the Cudgeler (level 1, 19/19 HPs)
             Began as a Minotaur Berserker on Dec 8, 2014.
             Was a Follower of Trog.
             Quit the game on level 1 of the Dungeon.
             The game lasted 00:00:20 (58 turns).

Pikaro the Cudgeler (Minotaur Berserker)              Turns: 58, Time: 00:00:20

Health: 19/19      AC:  2    Str: 21    XL:     1   Next: 25%
Magic:  1/1        EV:  7    Int:  4    God:    Trog [*.....]
Gold:   0          SH:  9    Dex:  9    Spells: 0 memorised, 0 levels left

rFire  . . .     SeeInvis .     a - +0 mace
rCold  . . .     Clarity  .     b - +0 animal skin
rNeg   . . .     SustAb   .     e - -2 large shield (curse)
rPois  .         Gourm    .     (helmet restricted)
rElec  .         Spirit   .     (no cloak)
rCorr  .         Warding  .     (no gloves)
rMut   .         Stasis   .     (no boots)
MR     .....                    (no amulet)
Stlth  +.........               (no ring)
                                (no ring)

@: not resistant to hostile enchantments, very unstealthy
A: retaliatory headbutt, horns 2
a: Burn Spellbooks, Berserk, Renounce Religion


You were on level 1 of the Dungeon.
You worshipped Trog.
Trog was aware of your devotion.
You were not hungry.

You visited 1 branch of the dungeon, and saw 1 of its levels.

Inventory:

Hand weapons
 a - a +0 mace (weapon)
Armour
 b - a +0 animal skin (worn)
 e - a cursed -2 large shield (worn)
   (You found it on level 1 of the Dungeon)
Comestibles
 c - a bread ration {@e1}
 d - a slice of pizza


   Skills:
 - Level 3.6 Fighting
 + Level 3.8 Maces & Flails
 - Level 2.4 Armour
 - Level 2.1 Dodging


You couldn't memorise any spells.
You didn't know any spells.

Dungeon Overview and Level Annotations

Branches:
Dungeon (1/15)

Altars:


Innate Abilities, Weirdness & Mutations

You reflexively headbutt those who attack you in melee.
You have a pair of horns on your head.


Message History

Welcome, Pikaro the Minotaur Berserker.
The bosom of this dungeon contains the most powerful artefact, the Orb of Zot.
Trog says: Kill them all!
You open the door.
There is an open door here.
There is an open door here.
You open the large door.
There is a large open door here.
A goblin comes into view.
The goblin shouts!
No target in view!
No target in view!
The goblin is too close now for your liking.
You closely miss the goblin. You headbutt the goblin.
You kill the goblin!
Trog accepts your kill.
No target in view!
d - a slice of pizza A bat comes into view.
The bat misses you. You furiously retaliate!
You headbutt the bat, but do no damage. The bat hits you but does no damage.
You completely miss the bat. Your headbutt misses the bat.
The bat closely misses you. You furiously retaliate!
You headbutt the bat.
You kill the bat!
Trog accepts your kill.
You see here a large shield.
e - a large shield Wear which item? (? for menu, Esc to quit)
You start putting on your armour.
You continue putting on your large shield. x4
You finish putting on your cursed -2 large shield.
Oops, that feels deathly cold.

### . #.. #.# #.# . ###.#
#.# #.### .... #.# ......
#.#########.###.#.#.##
###......(.....@........
#......##......##.###.###
#......###.##............
#......+...##.........##
#......###.##..........#
#..........##.###...#....
####.............†...#
###.....#......#(........
##......#...........#...#.


There were no monsters in sight!

Vanquished Creatures
  A goblin (D:1)
  A bat (D:1)
2 creatures vanquished.

Notes
Turn   | Place    | Note
--------------------------------------------------------------
     0 | D:1      | Pikaro, the Minotaur Berserker, began the quest for the Orb.
     0 | D:1      | Reached XP level 1. HP: 19/19 MP: 1/1
    58 | D:1      | Quit the game

Action                   || total
-------------------------++-------
Melee: Mace              ||     2

Vault maps used:
D:1:      denvon_arrival_planthouse, wad_floor_pattern_1

Table legend:
 A = Turns spent in this place as a percentage of turns spent in the entire game.
 B = Non-inter-level travel turns spent in this place as a percentage of non-inter-level travel turns spent in the entire game.
 C = Inter-level travel turns spent in this place as a percentage of turns spent in this place.
 D = Turns resting spent in this place as a percentage of non-inter-level travel turns spent in this place.
 E = Turns spent auto-exploring this place as a percentage of non-inter-level travel turns spent in this place.
 F = Non-inter-level travel turns spent in this place divided by the number of levels of this place that you've seen.
                   A       B       C       D       E      F
               +-------+-------+-------+-------+-------+----------------------
         Total | 100.0 | 100.0 |   0.0 |   0.0 |  13.6 |  22.0
       Dungeon | 100.0 | 100.0 |   0.0 |   0.0 |  13.6 |  22.0
               +-------+-------+-------+-------+-------+----------------------

Table legend:
 A = Kills in this place as a percentage of kills in entire the game.
 B = Kills by you in this place as a percentage of kills by you in the entire game.
 C = Kills by friends in this place as a percentage of kills by friends in the entire game.
 D = Other kills in this place as a percentage of other kills in the entire game.
 E = Experience gained in this place as a percentage of experience gained in the entire game.
 F = Experience gained in this place divided by the number of levels of this place that you have seen.
                   A       B       C       D       E      F
               +-------+-------+-------+-------+-------+----------------------
         Total | 100.0 | 100.0 |  -nan |  -nan | 100.0 |   3.0
       Dungeon | 100.0 | 100.0 |  -nan |  -nan | 100.0 |   3.0
               +-------+-------+-------+-------+-------+----------------------
